 Dungeon Crawl Stone Soup version 0.27-a0-1281-ge233d83751 (webtiles) character file.

Game seed: 16717085025005718257

149 Delamore the Skirmisher (level 5, -10/43 HPs)
             Began as a Formicid Fighter on June 14, 2021.
             Was an Initiate of Qazlal.
             Mangled by a gnoll (14 damage)
             ... on level 3 of the Dungeon.
             The game lasted 00:02:22 (2593 turns).

Delamore the Skirmisher (Formicid Fighter)          Turns: 2593, Time: 00:02:23

Health: -10/43     AC:  6    Str: 27    XL:     5   Next: 56%
Magic:  5/5        EV:  8    Int:  8    God:    Qazlal [......]
Gold:   64         SH: 10    Dex: 10    Spells: 4/4 levels left

rFire    . . .     SeeInvis +   a - +0 trident
rCold    . . .     Faith    .   c - +0 kite shield
rNeg     . . .     Spirit   .   b - +0 scale mail
rPois    .         Reflect  .   (helmet unavailable)
rElec    .         Harm     .   (no cloak)
rCorr    .         Rampage  .   (no gloves)
Will     .....                  (no boots)
Stlth    ..........             (no amulet)
HPRegen  0.14/turn              g - +6 ring of strength
MPRegen  0.09/turn              i - ring of wizardry

@: no status effects
A: permanent stasis, dig shafts and tunnels, antennae 3, four strong arms
a: Dig, Shaft Self, Renounce Religion


You were on level 3 of the Dungeon.
You worshipped Qazlal.
Qazlal was noncommittal.
You visited 1 branch of the dungeon, and saw 3 of its levels.

You collected 64 gold pieces.

Inventory:

Hand Weapons
 a - a +0 trident (weapon)
Missiles
 n - a throwing net
Armour
 b - a +0 scale mail (worn)
 c - a +0 kite shield (worn)
Jewellery
 g - a +6 ring of strength (left hand)
 i - a ring of wizardry (right hand)
 l - a ring of flight
Scrolls
 e - 2 scrolls of teleportation
 f - 2 scrolls of magic mapping
Potions
 d - a potion of might
 h - a potion of invisibility
 j - a potion of mutation
 k - a potion of curing {unknown}
 m - a potion of heal wounds {unknown}


   Skills:
 + Level 4.5 Fighting
 * Level 4.5 Polearms
 - Level 3.2 Armour
 - Level 3.6 Shields


You had 4 spell levels left.
You didn't know any spells.
Your spell library contained the following spells:

 Spells                   Type           Power      Damage    Failure   Level
 Magic Dart               Conj           0%         1d3       73%         1
 Call Imp                 Summ           0%         N/A       86%         2
 Slow                     Hex            0%         N/A       86%         2
 Conjure Flame            Conj/Fire      0%         6-21      97%         3
 Mephitic Cloud           Conj/Pois/Air  0%         N/A       97%         3
 Blink                    Tloc           Unusable   N/A       N/A         2

Dungeon Overview and Level Annotations

Branches:
Dungeon (3/15)

Altars:
Qazlal
Yredelemnul


Innate Abilities, Weirdness & Mutations

You cannot be hasted, slowed, berserked, paralysed or teleported.
You can dig through walls and to a lower floor.
You have a pair of large antennae on your head. (SInv)
Your four strong arms can wield two-handed weapons with a shield.


Message History

The gnoll hits you with a +0 whip.
You closely miss the gnoll.
The gnoll is lightly wounded.
The gnoll hits you with a +0 whip. x2
You hit the gnoll.
The gnoll is moderately wounded.
The gnoll hits you with a +0 whip!
You hit the gnoll.
The gnoll is heavily wounded.
You block the gnoll's attack.
You barely miss the gnoll.
The gnoll is heavily wounded.
The gnoll hits you with a +0 whip!
You are too injured to fight recklessly!
You are too injured to fight recklessly!
You are too injured to fight recklessly!
You are too injured to fight recklessly!
You are too injured to fight recklessly!
You are too injured to fight recklessly!
You are too injured to fight recklessly!
You are too injured to fight recklessly!
You are too injured to fight recklessly!
You are too injured to fight recklessly!
You are too injured to fight recklessly!
You are too injured to fight recklessly!
You are too injured to fight recklessly!
You are too injured to fight recklessly!
You are too injured to fight recklessly!
You puncture the gnoll!
You kill the gnoll!
Qazlal accepts your kill.
You hit the gnoll.
The gnoll is moderately wounded.
The gnoll hits you with a +0 halberd!
Your scale mail prevents you from hitting the gnoll.
The gnoll is moderately wounded.
The gnoll hits you with a +0 halberd!
* * * LOW HITPOINT WARNING * * *
The gnoll hits you with a +0 halberd!
You die...

#...gg# . #....g#
. #######g# .
......#.## # ^##
#....#
#.......#..#.#
#.......#..<.##
#.......#.#)#{####
#..._...^.#.##{#@#
#.......#.#†###g##
#.......#.#.# ###
#....†..#...#
####.####..##
...........#
####.......#
#########


You could see a gnoll.

Vanquished Creatures
  Jessica (D:3)
  Robin (D:1)
  3 adders
  A gnoll (D:3)
  A worm (D:3)
  4 ball pythons
  5 bats
  5 endoplasms
  A giant cockroach (D:2)
  16 goblins
  10 hobgoblins
  2 jackals (D:1)
  4 kobolds
  4 quokkas
  2 frilled lizards (D:1)
  5 rats
65 creatures vanquished.

Notes
Turn   | Place    | Note
-------+----------+-------------------------------------------
     0 | D:1      | Delamore the Formicid Fighter began the quest for the Orb.
     0 | D:1      | Reached XP level 1. HP: 18/18 MP: 1/1
   153 | D:1      | Reached XP level 2. HP: 10/24 MP: 2/2
   818 | D:1      | Reached XP level 3. HP: 30/30 MP: 3/3
  1304 | D:2      | Noticed Robin
  1327 | D:1      | HP: 1/30 [goblin[Robin] (3)]
  1769 | D:1      | Reached XP level 4. HP: 36/37 MP: 4/4
  1780 | D:1      | Killed Robin
  2389 | D:3      | Found a stormy altar of Qazlal.
  2401 | D:3      | Became a worshipper of Qazlal Stormbringer
  2414 | D:3      | Reached XP level 5. HP: 42/42 MP: 5/5
  2421 | D:3      | Found a basalt altar of Yredelemnul.
  2496 | D:3      | Noticed Jessica
  2507 | D:3      | Killed Jessica
  2593 | D:3      | Mangled by a gnoll

Illustrated notes

Levels and vault maps discovered:
D:1:      amcnicky_arrival_feature_with_door, layout_basic
D:2:      layout_rooms, hangedman_decor_diamond_cutter, uniq_robin
D:3:      wad_crossroads, layout_loops_cross, overflow_temple_1_default,
          lemuel_tele_altar, dilly_ecumenical_altar_fadedgnrine, uniq_jessica

Skill      XL: |  1  2  3  4 |
---------------+-------------+-----
Polearms       | 3 4 |  4.5
Fighting       | 4 |  4.5
Armour         | |  3.2
Shields        | |  3.6

Action                   |  1- 3 |  4- 6 || total
-------------------------+-------+-------++-------
Melee: Trident           |   127 |    95 ||   222
 Abil: Dig               |     6 |     5 ||    11
  Use: Scroll            |     3 |     1 ||     4
       Potion            |     1 |       ||     1
Armor: Scale mail        |    65 |    22 ||    87
Dodge: Dodged            |    46 |    27 ||    73
Block: Kite shield       |    79 |    41 ||   120

Table legend: (Time is in decaauts)
 A = Elapsed time spent in this place.
 B = Non-inter-level travel time spent in this place.
 C = Inter-level travel time spent in this place.
 D = Time resting spent in this place.
 E = Time spent auto-exploring this place.
 F = Levels seen in this place.
 G = Mean time per level.
                   A        B        C        D        E       F      G
               +--------+--------+--------+--------+--------+-----+--------+
         Total |   2669 |   2588 |     81 |    475 |   1567 |   3 |  889.7 |
       Dungeon |   2669 |   2588 |     81 |    475 |   1567 |   3 |  889.7 |
               +--------+--------+--------+--------+--------+-----+--------+

Top non-repeatable levels by time:
     D:1: 1853 daAuts
     D:2: 511 daAuts
     D:3: 304 daAuts
